 Dungeon Crawl Stone Soup version 0.27.1-34-g3ba077fa99 (webtiles) character file.

Game seed: 4160319157269790372

44645 pkoi the Devastator (level 13, 0/101 HPs)
             Began as a Pale Draconian Conjurer on Jan 25, 2022.
             Was an Elder of Vehumet.
             Killed from afar by an electric eel (10 damage)
             ... with a bolt of electricity
             ... on level 6 of the Lair of Beasts.
             The game lasted 00:38:32 (25016 turns).

pkoi the Devastator (Pale Draconian Conjurer)      Turns: 25016, Time: 00:38:34

Health: 0/101      AC: 13    Str: 11    XL:     13   Next: 97%
Magic:  18/37      EV: 13    Int: 28    God:    Vehumet [****..]
Gold:   900        SH:  0    Dex: 10    Spells: 7/34 levels left

rFire    . . .     SeeInvis .   B - +5 flail (protect)
rCold    . . .     Faith    .   (no shield)
rNeg     . . .     Spirit   .   (armour unavailable)
rPois    .         Reflect  .   (helmet restricted)
rElec    .         Harm     .   A - +1 cloak {Stlth+}
rCorr    .         Rampage  .   g - +1 pair of gloves
Will     .....                  u - +0 pair of boots
Stlth    +++.......             n - amulet of magic regeneration
HPRegen  0.26/turn              C - +6 ring of intelligence
MPRegen  0.50/turn              L - ring of magical power

@: no status effects
A: breathe steam, AC +8, unfitting armour, cold-blooded, steam resistance
a: Breathe Steam, Renounce Religion


You were on level 6 of the Lair of Beasts.
You worshipped Vehumet.
Vehumet was greatly pleased with you.
You visited 3 branches of the dungeon, and saw 19 of its levels.

You collected 900 gold pieces.

Inventory:

Hand Weapons
 c - a +0 dagger
 i - a +2 dagger of speed
 y - a +4 whip of venom
 B - a +5 flail of protection (weapon)
Missiles
 o - 6 curare-tipped darts
 x - 2 throwing nets
Armour
 g - a +1 pair of gloves (worn)
 u - a +0 pair of boots (worn)
 A - a +1 cloak of stealth (worn)
Magical Staves
 q - a staff of air
Jewellery
 n - an amulet of magic regeneration (around neck)
 p - a ring of fire
 C - a +6 ring of intelligence (left hand)
 D - a ring of see invisible
 F - a ring of wizardry
 K - a ring of protection from cold
 L - a ring of magical power (right hand)
Wands
 h - a wand of digging (17)
 r - a wand of iceblast (29)
 t - a wand of polymorph (10)
 w - a wand of mindburst (23)
 E - a wand of flame (64)
 N - a wand of paralysis (2)
Scrolls
 a - 2 scrolls of fog
 b - 3 scrolls of fear
 d - 3 scrolls of identify
 k - 4 scrolls of amnesia
 l - 6 scrolls of teleportation
 s - 2 scrolls of brand weapon
 v - 4 scrolls of enchant armour
 G - 2 scrolls of enchant weapon
 I - 5 scrolls of magic mapping
Potions
 e - 2 potions of heal wounds
 f - a potion of invisibility
 j - a potion of ambrosia
 m - 2 potions of flight
 z - 5 potions of curing
 H - a potion of brilliance
 J - 2 potions of berserk rage
 M - a potion of might


   Skills:
 + Level 5.5 Fighting
 + Level 5.0 Dodging
 - Level 1.7 Stealth
 + Level 11.4 Spellcasting
 + Level 15.2 Conjurations
 - Level 5.5 Hexes
 + Level 10.4 Fire Magic
 - Level 6.7 Air Magic


You had 7 spell levels left.
You knew the following spells:

 Your Spells              Type           Power      Damage    Failure   Level
a - Magic Dart            Conj           100%       1d8       0%          1
b - Searing Ray           Conj           100%       3d7       0%          2
c - Fulminant Prism       Conj/Hex       32%        3d16      1%          4
d - Iskenderun's Battles  Conj           79%        2d13      1%          5
e - Swiftness             Air            52%        N/A       1%          3
f - Fireball              Conj/Fire      36%        3d15      1%          5
g - Orb of Destruction    Conj           39%        9d13      1%          7

Your spell library contained the following spells:

 Spells                   Type           Power      Damage    Failure   Level
 Iron Shot                Conj/Erth      27%        9d6       7%          6
 Shock                    Conj/Air       100%       1d9       1%          1
 Conjure Flame            Conj/Fire      73%        6-21      1%          3
 Dazzling Flash           Conj/Hex       100%       N/A       1%          3
 Ignite Poison            Fire/Tmut/Pois 35%        N/A       1%          3
 Mephitic Cloud           Conj/Pois/Air  54%        N/A       1%          3
 Airstrike                Air            26%        N/A       1%          4
 Iskenderun's Mystic Bla  Conj/Tloc      55%        2d12      1%          4
 Sticky Flame             Conj/Fire      73%        2d9       1%          4
 Conjure Ball Lightning   Conj/Air       33%        3x3d11    1%          6
 Starburst                Conj/Fire      36%        6d11      1%          6
 Beastly Appendage        Tmut           30%        N/A       3%          1
 Frozen Ramparts          Ice            30%        1d5       3%          3
 Call Imp                 Summ           15%        N/A       5%          2
 Passwall                 Tmut/Erth      12%        N/A       5%          2
 Sublimation of Blood     Necr           7%         N/A       5%          2
 Wereblood                Tmut           15%        N/A       5%          2
 Gell's Gravitas          Tloc           7%         N/A       11%         3
 Spider Form              Tmut/Pois      7%         N/A       11%         3
 Teleport Other           Tloc           15%        N/A       11%         3
 Ice Form                 Ice/Tmut       15%        N/A       34%         4
 Summon Ice Beast         Ice/Summ       15%        N/A       34%         4
 Invisibility             Hex            23%        N/A       47%         6
 Dispersal                Tloc           7%         N/A       99%         6
 Summon Hydra             Summ           7%         N/A       100%        7
 Ignition                 Fire           32%        3d10      58%         8
 Discord                  Hex            23%        N/A       100%        8
 Disjunction              Tloc           7%         N/A       100%        8


Dungeon Overview and Level Annotations

Branches:
Dungeon (12/15)            Temple (1/1) D:7            Lair (6/6) D:9
  Swamp (0/4) Lair:2        Snake (0/4) Lair:3        Slime (0/5) Lair:5
    Orc (0/2) D:11

Altars:
Ashenzari
Cheibriados
Dithmenos
Elyvilon
Fedhas
Gozag
Hepliaklqana
Kikubaaqudgha
Makhleb
Nemelex Xobeh
Okawaru
Qazlal
Ru
Sif Muna
Trog
Uskayaw
Vehumet
Wu Jian
Xom
Yredelemnul
Zin
The Shining One

Shops:
D:4 :   D:7 (   D:10 *

Annotations:
D:6 1 transporter
D:10 3 runed translucent doors, lazarouslive's ghost, journeyman MiBe; safid's ghost, novice HOFi
D:12 3 runed translucent doors


Innate Abilities, Weirdness & Mutations

You can breathe blasts of scalding, opaque steam.
Your pale cyan-grey scales are hard. (AC +8)
You cannot fit into any form of body armour.
You are cold-blooded and may be slowed by cold attacks.
You are immune to the effects of steam.


Message History

The magic dart hits the vampire mosquito.
The vampire mosquito is almost destroyed.
Your battlesphere fires!
The barrage of energy hits the vampire mosquito!!
You destroy the vampire mosquito!
Vehumet accepts your kill.
You feel your power returning.
A blink frog comes into view.
Aiming: Magic Dart (safe; 0% risk of failure)
Press: ? - help, Q - select action, (/) - cycle Shift-Dir - straight line, f - you That beam is likely to hit you.
Continue anyway?
Okay, then.
Unknown command.
Unknown command.
The blink frog blinks!
An electric eel comes into view.
Aiming: Magic Dart (safe; 0% risk of failure)
Press: ? - help, Q - select action, (/) - cycle Shift-Dir - straight line, f - you That beam is likely to hit you.
Continue anyway?
Okay, then.
Unknown command.
Found a scroll of magic mapping.
Things that are here:
a vampire mosquito corpse; a cane toad corpse
Aiming: Magic Dart (safe; 0% risk of failure)
Press: ? - help, Q - select action, (/) - cycle Shift-Dir - straight line, f - electric eel
Aim: an electric eel (water, ally target, 100% to hit)
The magic dart hits the electric eel.
The electric eel is lightly wounded.
Your battlesphere fires!
The barrage of energy hits the polar bear!
The polar bear is lightly wounded.
The blink frog blinks!
The blink frog hits your battlesphere!!
The blink frog blinks!
The electric eel shoots out a bolt of lightning at you!
The bolt of electricity hits the plant!
The plant begins to die.
The bolt of electricity hits your battlesphere.
Your battlesphere completely resists.
The bolt of electricity hits you!
You die...

.?.......
........≈≈≈≈
#......$P≈≈≈
#.......≈≈≈≈
#......≈≈≈≈≈
#......≈≈≈≈≈
#....≈.≈≈≈≈≈
##†§.≈.≈≈≈#
#@.....≈≈≈#
##*...≈≈≈##
#h....≈≈≈≈#
#....P§≈≈≈≈≈#
#....#;≈≈≈P≈#
..#..F#.≈≈≈≈≈≈
###....#..≈≈≈≈≈
#....##.≈≈≈≈≈


You could see a polar bear, a blink frog, an electric eel (ally target) and a
friendly battlesphere.

Vanquished Creatures
  Gastronok (Lair:2)
  Snorg (D:12)
  Josephine (D:12)
  2 hydras
  A catoblepas (Lair:5)
  2 two-headed ogres
  5 death yaks
  2 manticores
  3 oklob plants
  A cyclops (D:11)
  Maurice (D:12)
  5 black mambas
  4 centaur zombies
  A gargoyle (D:11)
  5 elephants (Lair:6)
  11 cane toads
  An unseen horror (D:12)
  Maggie (D:10)
  3 rime drakes
  11 komodo dragons
  A kobold demonologist (D:9)
  2 trolls (D:12)
  2 polar bears
  A hornet (D:9)
  3 slime creatures (D:11)
  Prince Ribbit (D:5)
  18 blink frogs
  6 wraiths
  2 wyverns
  A shadow (D:9)
  30 yaks
  2 steam dragons
  A basilisk (Lair:2)
  Menkaure (D:5)
  Edmund (D:6)
  10 vampire mosquitoes
  2 wargs (D:9)
  10 water moccasins
  An acid dragon (D:12)
  An ice beast (D:7)
  A swamp drake (Lair:2)
  3 orc warriors
  A black bear (D:8)
  A sky beast (D:7)
  2 necrophages
  An ogre (D:7)
  11 wolves
  7 centaurs
  17 bullfrogs
  A gnoll sergeant (D:8)
  15 kobold brigands
  A wyvern zombie (D:7)
  3 scorpions
  A wyvern skeleton (D:6)
  A water moccasin skeleton (D:4)
  11 killer bees
  13 wights
  2 electric eels
  4 howler monkeys
  A jelly (D:8)
  8 orc priests
  2 gnoll shamans (D:5)
  3 hounds
  Crazy Yiuf (D:2)
  An iguana (Lair:2)
  11 orc wizards
  3 killer bee zombies
  2 howler monkey zombies
  Robin (D:2)
  11 adders
  13 gnolls
  A howler monkey skeleton (D:5)
  A shadow imp (D:6)
  An adder skeleton (D:4)
  A dart slug (D:2)
  32 orcs
  3 bats
  15 endoplasms
  4 giant cockroaches
  11 goblins
  11 hobgoblins
  2 quokkas
  5 ball pythons
  3 frilled lizards
  27 kobolds
  6 rats
434 creatures vanquished.

Vanquished Creatures (collateral kills)
  3 howler monkeys (D:10)
3 creatures vanquished.

Vanquished Creatures (others)
  An orc warrior (D:6)
  An orc (D:6)
  21 fungi
  81 plants
104 creatures vanquished.

Grand Total: 541 creatures vanquished

Notes
Turn   | Place    | Note
-------+----------+-------------------------------------------
     0 | D:1      | pkoi the Draconian Conjurer began the quest for the Orb.
     0 | D:1      | Reached XP level 1. HP: 14/14 MP: 3/3
   323 | D:1      | Reached XP level 2. HP: 20/20 MP: 3/5
  1219 | D:1      | Reached XP level 3. HP: 26/26 MP: 1/6
  1907 | D:1      | Learned a level 2 spell: Searing Ray
  1932 | D:2      | Found a runed translucent door.
  1933 | D:2      | Noticed Crazy Yiuf
  1950 | D:2      | Reached skill level 5 in Conjurations
  2438 | D:2      | Reached XP level 4. HP: 33/33 MP: 5/8
  2444 | D:2      | Noticed Robin
  2571 | D:2      | Killed Robin
  3410 | D:2      | Reached XP level 5. HP: 38/38 MP: 4/9
  3917 | D:3      | Found a basalt altar of Yredelemnul.
  4472 | D:3      | Found a faded altar of an unknown god.
  4641 | D:3      | Learned a level 4 spell: Fulminant Prism
  4651 | D:3      | Reached skill level 6 in Conjurations
  4902 | D:4      | Found Saesuomu's Book Boutique.
  5160 | D:4      | Reached XP level 6. HP: 45/45 MP: 7/11
  6050 | D:5      | Entered Level 5 of the Dungeon
  6252 | D:5      | Reached skill level 7 in Conjurations
  6276 | D:5      | Identified a scroll of acquirement
  6276 | D:5      | Acquired a book of the Spheres
  6284 | D:5      | Learned a level 5 spell: Iskenderun's Battlesphere
  6655 | D:5      | Noticed Prince Ribbit
  6661 | D:5      | Your scales start taking on a pale cyan-grey colour.
  6661 | D:5      | Reached XP level 7. HP: 47/50 MP: 9/13
  6661 | D:5      | Gained mutation: You are immune to the effects of steam.
                  | [Pale Draconian growth]
  6667 | D:5      | Killed Prince Ribbit
  6668 | D:5      | Reached skill level 8 in Conjurations
  6674 | D:4      | Learned a level 3 spell: Swiftness
  7048 | D:5      | Noticed Menkaure
  7052 | D:5      | Killed Menkaure
  7053 | D:5      | Reached skill level 1 in Air Magic
  7236 | D:5      | Reached skill level 1 in Hexes
  7244 | D:5      | Reached skill level 5 in Spellcasting
  7244 | D:5      | Reached XP level 8. HP: 57/57 MP: 9/15
  7967 | D:6      | Noticed Edmund
  7971 | D:6      | Killed Edmund
  8141 | D:6      | Reached skill level 9 in Conjurations
  8578 | D:6      | Reached XP level 9. HP: 54/62 MP: 10/17
  8634 | D:6      | Found a sparkling altar of Nemelex Xobeh.
  8634 | D:6      | Found a transporter.
  9027 | D:7      | Reached skill level 10 in Conjurations
  9154 | D:7      | Found Hatoaf's Weapon Shop.
  9663 | D:7      | Found a staircase to the Ecumenical Temple.
  9821 | D:7      | Reached skill level 5 in Air Magic
 10076 | Temple   | Entered the Ecumenical Temple
 10253 | Temple   | Became a worshipper of Vehumet
 10504 | D:2      | Killed Crazy Yiuf
 12060 | D:9      | Reached XP level 10. HP: 56/69 MP: 9/20
 12248 | D:9      | Found an ornate altar of the Wu Jian Council.
 12252 | D:9      | Found a shadowy altar of Dithmenos.
 12257 | D:9      | Found a shimmering blue altar of Sif Muna.
 12291 | D:9      | Reached * piety under Vehumet
 12291 | D:9      | Offered knowledge of Sandblast by Vehumet.
 12310 | D:9      | Reached skill level 11 in Conjurations
 12359 | D:9      | Noticed a two-headed ogre
 12375 | D:9      | Found a staircase to the Lair.
 12381 | D:9      | Reached skill level 5 in Hexes
 12393 | D:9      | Killed a two-headed ogre
 13106 | D:9      | Reached ** piety under Vehumet
 13106 | D:9      | Offered knowledge of Freeze by Vehumet.
 13269 | D:9      | Learned a level 5 spell: Fireball
 13338 | D:9      | Reached skill level 1 in Fire Magic
 13658 | D:9      | Reached skill level 12 in Conjurations
 13826 | D:9      | Found an iron altar of Okawaru.
 13980 | D:10     | Entered Level 10 of the Dungeon
 14161 | D:10     | Reached XP level 11. HP: 74/74 MP: 15/22
 14584 | D:10     | Offered knowledge of Poisonous Vapours by Vehumet.
 14875 | D:10     | Found Xyisin's Assorted Antiques.
 15042 | D:10     | Found a runed translucent gate.
 15104 | D:10     | Found a runed translucent gate.
 15104 | D:10     | Noticed lazarouslive's ghost (journeyman MiBe)
 15105 | D:10     | Found a runed translucent gate.
 15106 | D:10     | Noticed safid's ghost (novice HOFi)
 15113 | D:10     | Noticed Maggie
 15116 | D:10     | Killed Maggie
 16140 | D:11     | Reached *** piety under Vehumet
 16327 | D:11     | Reached skill level 13 in Conjurations
 16815 | D:11     | Learned a level 7 spell: Orb of Destruction
 16942 | D:11     | Found a staircase to the Orcish Mines.
 17150 | D:11     | Reached skill level 5 in Fire Magic
 17370 | D:12     | Noticed a two-headed ogre
 17373 | D:12     | Killed a two-headed ogre
 17751 | D:12     | Offered knowledge of Olgreb's Toxic Radiance by Vehumet.
 17805 | D:12     | Noticed Josephine
 17820 | D:12     | Killed Josephine
 17821 | D:12     | Reached XP level 12. HP: 12/81 MP: 15/25
 18294 | D:12     | Noticed Maurice
 18300 | D:12     | Killed Maurice
 18316 | D:12     | Noticed Snorg
 18321 | D:12     | Killed Snorg
 18322 | D:12     | Reached skill level 14 in Conjurations
 18379 | D:12     | Found a radiant altar of Vehumet.
 18435 | D:12     | Noticed a tengu warrior
 18549 | D:12     | Found a runed translucent door.
 18549 | D:12     | Found a runed translucent door.
 18549 | D:12     | Noticed a death knight
 18549 | D:12     | Noticed a boulder beetle
 18549 | D:12     | Noticed a crystal guardian
 18550 | D:12     | Found a runed translucent door.
 18550 | D:12     | Noticed a storm dragon
 18670 | Lair:1   | Entered Level 1 of the Lair of Beasts
 18979 | Lair:1   | Reached **** piety under Vehumet
 19908 | Lair:1   | Offered knowledge of Stone Arrow by Vehumet.
 20278 | Lair:2   | Reached skill level 10 in Spellcasting
 20390 | Lair:2   | Noticed Gastronok
 20398 | Lair:2   | Killed Gastronok
 20800 | Lair:2   | Reached skill level 15 in Conjurations
 20811 | Lair:2   | Found a staircase to the Swamp.
 21024 | Lair:2   | Reached XP level 13. HP: 76/86 MP: 26/27
 21662 | Lair:3   | Reached skill level 1 in Fighting
 21914 | Lair:3   | Found a staircase to the Snake Pit.
 21983 | Lair:3   | Reached ***** piety under Vehumet
 21989 | Lair:3   | Offered knowledge of Iron Shot by Vehumet.
 22139 | Lair:3   | Identified the +8 short sword "Demon's Foe" {flame, rPois
                  | Dex+3}
 23650 | Lair:5   | Found a sparkling altar of Nemelex Xobeh.
 24291 | Lair:5   | Found a staircase to the Slime Pits.
 24330 | Lair:6   | Entered Level 6 of the Lair of Beasts
 24734 | Lair:6   | Reached skill level 10 in Fire Magic
 24774 | Lair:6   | Reached skill level 5 in Fighting
 25000 | Lair:6   | Reached skill level 5 in Dodging
 25016 | Lair:6   | Killed from afar by an electric eel

Illustrated notes

Levels and vault maps discovered:
D:1:      lemuel_arrival_river_ford, layout_loops_cross, serial_bayou_pond_e
D:2:      layout_rooms, st_stairs_2, minmay_domino_4, uniq_crazy_yiuf_cottage,
          uniq_robin
D:3:      layout_loops_corners, mainiacjoe_overflow_concentric_impassable,
          dreamdust_ecumenical_altar_statues
D:4:      layout_loops_corners, serial_shops, nicolae_shop_stone,
          kennysheep_big_empty_room
D:5:      layout_rooms, mrwooster_statue_mirror, uniq_menkaure,
          uniq_prince_ribbit1
D:6:      layout_rooms, grunt_nemelex_the_gamble, uniq_edmund
D:7:      layout_basic, temple_hall, serial_shops, shop
D:8:      layout_gridville
D:9:      layout_roguey [special_room_kobold], grunt_temple_overflow_diamond,
          okawaru_gym_becter, erik_lair_orcish_takeover, interstate_on_off,
          minmay_fountain_box
D:10:     layout_basic, serial_shops, nicolae_stop_n_shop_1,
          gammafunk_ghost_cemetery, uniq_maggie
D:11:     layout_basic, orc_0_dummy, billiards_dpeg
D:12:     minmay_the_grid_triangle_9x9_recursive_3
          [minmay_the_grid_triangle_9x9_odd_lines,
          minmay_the_grid_triangle_9x9_windchime,
          minmay_the_grid_triangle_9x9_semitri,
          minmay_the_grid_triangle_9x9_prize_insulated,
          minmay_the_grid_triangle_9x9_intruding_spiral,
          minmay_the_grid_triangle_9x9_thin_v,
          minmay_the_grid_triangle_9x9_corruption,
          minmay_the_grid_triangle_9x9_corrupted_corridor,
          minmay_the_grid_triangle_9x9_fully_insulated_deathbox], layout_rooms,
          vehumet_altar_wand_db, uniq_josephine, uniq_snorg, uniq_maurice
Temple:   regret_index_temple_sphere_string
Lair:1:   dpeg_oklob_gauntlet, layout_regular_city
Lair:2:   layout_regular_city, minmay_swamp_entry_reptiles, uniq_gastronok
Lair:3:   layout_concentric_octagons, dummy_snake_entry, serial_bayou_shore_b
Lair:4:   layout_roguey, chequers_serial_rivers_small_3
Lair:5:   layout_regular_city, minmay_slime_entry_oklob_enclosed, basic_altar
Lair:6:   minmay_lair_end_frog_pond, layout_concentric_octagons, uniq_kirke

Skill      XL: |  1  2  3  4  5  6  7  8  9 10 11 12 13 |
---------------+----------------------------------------+-----
Conjurations   | 5 6 7 8 9 10 12 13 15 | 15.2
Spellcasting   | 3 4 5 6 7 9 10 11 | 11.4
Air Magic      | 1 3 5 6 |  6.7
Hexes          | 1 3 4 5 |  5.5
Fire Magic     | 2 6 8 10 | 10.4
Dodging        | 5 |  5.0
Fighting       | 5 |  5.5
Stealth        | |  1.7

Action                   |  1- 3 |  4- 6 |  7- 9 | 10-12 | 13-15 || total
-------------------------+-------+-------+-------+-------+-------++-------
Melee: Dagger            |     1 |     9 |     1 |       |       ||    11
       Tailslap          |       |     2 |       |       |     1 ||     3
       Flail             |       |       |       |     2 |     1 ||     3
 Cast: Magic Dart        |    77 |   107 |   119 |   323 |   138 ||   764
       Searing Ray       |       |    11 |    19 |    20 |    19 ||    69
       Iskenderun's Batt |       |       |    23 |    69 |    29 ||   121
       Fireball          |       |       |       |    33 |    11 ||    44
       Orb of Destructio |       |       |       |     2 |     7 ||     9
 Abil: Breathe Steam     |       |       |     2 |     7 |     2 ||    11
  Use: Scroll            |       |    11 |     2 |     6 |     3 ||    22
       Potion            |       |       |       |     7 |     1 ||     8
Armor: Skin              |       |     7 |    15 |    61 |    45 ||   128
Dodge: Dodged            |     3 |    16 |    27 |    99 |    63 ||   208
